 Dungeon Crawl Stone Soup version 0.27.1-1-g398f81649c (webtiles) character file.

Game seed: 3572598034286936301

45 ugugthedestroyer the Skirmisher (level 3, -4/33 HPs)
             Began as a Hill Orc Fighter on Sept 7, 2021.
             Slain by Sigmund (9 damage)
             ... on level 2 of the Dungeon.
             The game lasted 00:03:29 (970 turns).

ugugthedestroyer the Skirmisher (Hill Orc Fighter)   Turns: 970, Time: 00:03:30

Health: -4/33      AC:  6    Str: 19    XL:     3   Next: 64%
Magic:  3/3        EV:  7    Int:  8    God:
Gold:   86         SH:  9    Dex: 10    Spells: 2/2 levels left

rFire    . . .     SeeInvis .   a - +0 war axe
rCold    . . .     Faith    .   c - +0 kite shield
rNeg     . . .     Spirit   .   b - +0 scale mail
rPois    .         Reflect  .   (no helmet)
rElec    .         Harm     .   (no cloak)
rCorr    .         Rampage  .   (no gloves)
Will     .....                  (no boots)
Stlth    ..........             (no amulet)
HPRegen  0.11/turn              (no ring)
MPRegen  0.08/turn              (no ring)

@: mighty
A: no striking features
a: no special abilities


You were on level 2 of the Dungeon.
You visited 1 branch of the dungeon, and saw 2 of its levels.

You collected 86 gold pieces.

Inventory:

Hand Weapons
 a - a +0 war axe (weapon)
Armour
 b - a +0 scale mail (worn)
 c - a +0 kite shield (worn)
Scrolls
 e - a scroll of identify {unknown}
 f - a scroll of teleportation {unknown}
 g - a scroll of enchant armour {unknown}
 j - a scroll of enchant weapon {unknown}


   Skills:
 + Level 3.9 Fighting
 + Level 3.8 Axes
 + Level 3.6 Armour
 + Level 3.8 Shields


You had 2 spell levels left.
You didn't know any spells.
Your spell library was empty.

Dungeon Overview and Level Annotations

Branches:
Dungeon (2/15)

Altars:

Annotations:
D:2 Sigmund


Message History

You slash Sigmund!
Sigmund is moderately wounded.
Sigmund barely misses you.
You slash Sigmund!
Sigmund is heavily wounded.
Sigmund hits you but does no damage.
You closely miss Sigmund.
Sigmund is heavily wounded.
Sigmund barely misses you.
You hit Sigmund.
Sigmund is heavily wounded.
Sigmund hits you but does no damage.
It was a potion of ambrosia.
You are confused.
You feel invigorated. Sigmund hits you but does no damage.
Sigmund hits you with a +0 scythe.
You're too confused to move!
You bump into the rock wall.
Sigmund hits you but does no damage.
Sigmund hits you from afar with a +0 scythe.
Sigmund barely misses you.
You're too confused to move!
Sigmund hits you with a +0 scythe!
You're too confused to move!
You feel less invigorated.
You feel less confused.
You closely miss Sigmund.
Sigmund is heavily wounded.
Sigmund mumbles some strange words.
Sigmund flickers and vanishes!
Deactivating autopickup; reactivate with Ctrl-A.
Something hits you.
You barely miss something. Something hits you but does no damage.
You barely miss something. Something hits you!
You barely miss something. Something hits you but does no damage.
You closely miss something. Something hits you but does no damage.
You closely miss something. Something hits you but does no damage.
You barely miss something. Something hits you.
You completely miss something. Something hits you but does no damage.
You barely miss something. Something hits you!
* * * LOW HITPOINT WARNING * * *
You closely miss something. Something hits you!
You die...

.# #### .## ..#
..###############.# #
.............†....####.##
..############...........
.###### #......##.##
......# #.......# #####.#
#......## # #.#@..##..##
### #.#{.......# ..#
..#.####.#.# #.# ####.# #
#.# ... #.# ### .... #.#
.. ....$. #.# .# ##.....
#(######.### #.....#


There were no monsters in sight!

Vanquished Creatures
  An adder (D:2)
  2 dart slugs
  2 endoplasms (D:1)
  3 giant cockroaches (D:1)
  2 goblins
  3 hobgoblins
  3 quokkas (D:1)
  3 ball pythons
  4 bats
  2 frilled lizards
  2 kobolds (D:1)
  5 rats
32 creatures vanquished.

Notes
Turn   | Place    | Note
-------+----------+-------------------------------------------
     0 | D:1      | ugugthedestroyer the Hill Orc Fighter began the quest for
                  | the Orb.
     0 | D:1      | Reached XP level 1. HP: 19/19 MP: 1/1
   186 | D:1      | Reached XP level 2. HP: 20/27 MP: 2/2
   481 | D:1      | Reached XP level 3. HP: 33/33 MP: 3/3
   776 | D:2      | Found a faded altar of an unknown god.
   937 | D:2      | Noticed Sigmund
   970 | D:2      | Slain by Sigmund

Illustrated notes

Levels and vault maps discovered:
D:1:      lemuel_arrival_muddy, layout_loops_ring
D:2:      minmay_roachtagon, layout_loops_ring, basic_ecumenical_altar,
          dk_noncrumbling_3, uniq_sigmund

Skill      XL: |  1 |
---------------+----+-----
Axes           | 3 |  3.8
Fighting       | |  3.9
Armour         | |  3.6
Shields        | |  3.8

Action                   || total
-------------------------++-------
Melee: War axe           ||   111
  Use: Potion            ||     3
Armor: Scale mail        ||    70
Dodge: Dodged            ||    44
Block: Kite shield       ||    73
